 Dungeon Sprint DCSS version 0.15-a0-1968-gb423ccb (webtiles) character file.

3931 BluebellGnoll the Fetichist (level 10, 0/50 HPs)
             Began as a Deep Elf Ice Elementalist on July 10, 2014.
             Was the Champion of Sif Muna.
             Succumbed to a spiny frog's poison
             ... in the Dungeon (Sprint IX: "|||||||||||||||||||||||||||||").
             The game lasted 00:13:16 (1105 turns).

BluebellGnoll the Fetichist (DEIE)                  Turns: 1105, Time: 00:13:16

HP   0/50        AC 13     Str  5      XL: 10   Next:  1%
MP  28/34        EV 13     Int 27      God: Sif Muna [******]
Gold 11          SH  0     Dex 18      Spells:  7 memorised, 18 levels left

rFire  . . .     SeeInvis .     j - +0 short sword
rCold  . . .     Clarity  .     a - +0 robe
rNeg   . . .     rCorr    .     (no shield)
rPois  .         rRot     .     (no helmet)
rElec  .         Spirit   .     q - +0 cloak
SustAb .         Warding  .     p - +0 pair of gloves
rMut   .         NoTele   +     (no boots)
Gourm  .                        (no amulet)
MR     +....                    s - +3 ring of dexterity
                                r - +3 ring of intelligence

@: lethally poisoned, icy armour, slowed, very slow, somewhat resistant to
hostile enchantments, unstealthy
A: no striking features
a: Channel Energy, Forget Spell, Renounce Religion


You were in the Dungeon.
You worshipped Sif Muna.
Sif Muna was exalted by your worship.
You were hungry.

You visited 1 branch You collected 11 gold pieces.

Inventory:

Hand weapons
 j - a +0 short sword (weapon)
 o - a +2 cutlass of electrocution
Armour
 a - a +0 robe (worn)
 p - a +0 pair of gloves (worn)
 q - a +0 cloak (worn)
Magical devices
 n - a wand of fire (4)
Comestibles
 c - a bread ration
 C - 2 rotting chunks of elephant flesh
Scrolls
 i - 3 scrolls of blinking
 k - 4 scrolls of remove curse
 m - 2 scrolls of amnesia
 y - a scroll of magic mapping
 A - 4 scrolls of enchant armour
 B - a scroll of recharging
Jewellery
 r - a +3 ring of intelligence (left hand)
 s - a +3 ring of dexterity (right hand)
Potions
 d - 4 potions of curing
 e - 5 potions of heal wounds
 f - a potion of invisibility
 g - 4 potions of magic
 h - a potion of berserk rage
 l - 2 potions of might
 w - a potion of agility
 x - a potion of cure mutation
Books
 b - a book of Frost

   Spells                             Type                      Level
   *Freeze                            Ice                          1
   *Throw Frost                       Conjuration/Ice              2
   *Ozocubu's Armour                  Charms/Ice                   3
   *Throw Icicle                      Conjuration/Ice              4
   *Summon Ice Beast                  Ice/Summoning                4
   *Condensation Shield               Ice                          4
 z - Ecrukh Breck's Compendium of the Lucky Entourage
   (You found it in the Dungeon)

   Spells                             Type                      Level
   *Summon Butterflies                Summoning                    1
   Summon Small Mammal                Summoning                    1
   Iskenderun's Battlesphere          Conjuration/Charms           5
   Haste                              Charms                       6
   Summon Hydra                       Summoning                    7
 D - Sif Muna's Handbook of Ashen Conjuration
   (Sif Muna gifted it to you in the Dungeon)

   Spells                             Type                      Level
   Sandblast                          Earth                        1
   Conjure Flame                      Conjuration/Fire             3
   Stone Arrow                        Conjuration/Earth            3
   Petrify                            Transmutation/Earth          4
   Force Lance                        Conjuration                  5


   Skills:
 - Level 2.4 Dodging
 - Level 2.4 Stealth
 + Level 14.0 Spellcasting
 * Level 1.4 Conjurations
 * Level 0.7 Summonings
 - Level 15.1 Ice Magic
 - Level 16.8 Evocations


You had 18 spell levels left.
You knew the following spells:

 Your Spells              Type           Power        Failure   Level  Hunger
a - Freeze                Ice            ####         0%          1    None
b - Throw Frost           Conj/Ice       ######       1%          2    None
c - Ozocubu's Armour      Chrm/Ice       ######....   1%          3    None
d - Condensation Shield   Ice            #######...   1%          4    None
e - Throw Icicle          Conj/Ice       ######..     1%          4    None
f - Summon Ice Beast      Ice/Summ       ######..     1%          4    None
g - Summon Butterflies    Summ           ###.....     1%          1    None


Dungeon Overview and Level Annotations

Branches:
Dungeon (1/1)

Altars:
Cheibriados
Dithmenos
Elyvilon
Fedhas
Gozag
Kikubaaqudgha
Makhleb
Nemelex Xobeh
Okawaru
Qazlal
Sif Muna
Trog
Vehumet
Xom
Yredelemnul
Zin
The Shining One
Beogh
Jiyva
Lugonu


Message History

The crocodile is no longer moving slowly.
The crocodile bites your ice beast!
Your ice beast completely misses the crocodile.
The crocodile barely misses your ice beast.
The crocodile bites your ice beast!
Your ice beast hits the crocodile.
Your ice beast freezes the crocodile!
The crocodile seems to slow down.
The crocodile dies!
Your Spellcasting skill increases to level 14!
The spiny frog closely misses your ice beast.
There is an open door to the Lair here.
The spiny frog stings your ice beast!!
Your ice beast dies!
The spiny frog stings you!
Casting: Summon Ice Beast
Confirm with . or Enter, or press ? or * to list all spells.
A chill wind blows around you. The spiny frog stings you!
* * * LOW HITPOINT WARNING * * *
You are lethally poisoned!
The spiny frog poisons you!
You die...

▓▓▓▓▓▓▓▓▓▓▓▓▓▓▓▓▓▓▓▓▓▓▓▓▓▓▓▓▓▓▓▓▓
_________________'....%%....%'...
▓▓▓▓▓▓▓▓▓▓▓▓▓▓▓▓▓▓▓▓▓▓▓▓▓▓▓▓▓▓▓▓▓
.................................
▓▓▓▓▓▓▓▓▓▓▓▓▓▓▓▓▓▓▓▓▓▓▓▓▓▓▓▓▓▓▓▓▓
....S%..SwD.DwF.@Y..%.......'....
▓▓▓▓▓▓▓▓▓▓▓▓▓▓▓▓▓▓▓▓▓▓▓▓▓▓▓▓▓▓▓▓▓


You could see a seven-headed hydra, a six-headed hydra, 2 torpor snails, a spiny
frog, an adder and a friendly ice beast.

Vanquished Creatures
  A centaur warrior (D)
  2 hill giants (D)
  A black mamba (D)
  An elephant (D)
  A cyclops (D)
  A spiny frog (D)
  A yak (D)
  A wyvern (D)
  A porcupine (D)
  2 crimson imps (D)
  2 hounds (D)
  A sheep (D)
  A ball python (D)
  A bat (D)
  A hobgoblin (D)
  3 kobolds (D)
  A quokka (D)
  2 rats (D)
24 creatures vanquished.

Vanquished Creatures (collateral kills)
  A black mamba (D)
  A spiny frog (D)
  A trapdoor spider (D)
  2 yaks (D)
  A centaur (D)
  A crocodile (D)
  A bat (D)
8 creatures vanquished.

Vanquished Creatures (others)
  5 ice beasts (D)
5 creatures vanquished.

Grand Total: 37 creatures vanquished

Notes
Turn   | Place    | Note
--------------------------------------------------------------
     0 | D        | BluebellGnoll, the Deep Elf Ice Elementalist, began the quest for the Orb.
     0 | D        | Reached XP level 1. HP: 10/10 MP: 5/5
     8 | D        | Reached skill level 4 in Spellcasting
    41 | D        | Reached skill level 5 in Spellcasting
   317 | D        | Noticed a crimson imp
   317 | D        | Noticed a hound
   320 | D        | Killed a hound
   320 | D        | Reached skill level 7 in Spellcasting
   320 | D        | Reached XP level 2. HP: 15/15 MP: 7/14
   320 | D        | Reached XP level 3. HP: 19/19 MP: 8/17
   327 | D        | Learned a level 2 spell: Throw Frost
   332 | D        | Killed a crimson imp
   332 | D        | Reached skill level 9 in Spellcasting
   332 | D        | Reached skill level 5 in Ice Magic
   332 | D        | Reached XP level 4. HP: 24/24 MP: 3/21
   364 | D        | Found a glowing silver altar of Zin.
   364 | D        | Found a glowing golden altar of the Shining One.
   364 | D        | Found an ancient bone altar of Kikubaaqudgha.
   364 | D        | Found a basalt altar of Yredelemnul.
   364 | D        | Found a shimmering altar of Xom.
   364 | D        | Found a radiant altar of Vehumet.
   364 | D        | Found an iron altar of Okawaru.
   365 | D        | Found a burning altar of Makhleb.
   366 | D        | Found a deep blue altar of Sif Muna.
   367 | D        | Found a bloodstained altar of Trog.
   368 | D        | Found a sparkling altar of Nemelex Xobeh.
   369 | D        | Found a white marble altar of Elyvilon.
   370 | D        | Found a roughly hewn altar of Beogh.
   371 | D        | Found a viscous altar of Jiyva.
   372 | D        | Found a corrupted altar of Lugonu.
   373 | D        | Found a blossoming altar of Fedhas.
   374 | D        | Found a snail-covered altar of Cheibriados.
   375 | D        | Became a worshipper of Sif Muna the Loreminder
   376 | D        | Found a shadowy altar of Dithmenos.
   377 | D        | Found a stormy altar of Qazlal.
   378 | D        | Found an opulent altar of Gozag.
   416 | D        | Learned a level 3 spell: Ozocubu's Armour
   421 | D        | Learned a level 4 spell: Condensation Shield
   426 | D        | Learned a level 4 spell: Throw Icicle
   431 | D        | Learned a level 4 spell: Summon Ice Beast
   495 | D        | Noticed a centaur
   495 | D        | Noticed a crimson imp
   495 | D        | Noticed a hound
   495 | D        | Noticed a yak
   495 | D        | Noticed a wyvern
   497 | D        | Killed a hound
   498 | D        | Killed a wyvern
   498 | D        | Acquired Sif Muna's first power
   498 | D        | Acquired Sif Muna's second power
   498 | D        | Reached skill level 12 in Spellcasting
   498 | D        | Reached XP level 5. HP: 28/28 MP: 15/26
   504 | D        | Killed a yak
   504 | D        | Acquired Sif Muna's third power
   504 | D        | Reached skill level 13 in Spellcasting
   504 | D        | Reached skill level 10 in Ice Magic
   504 | D        | Reached XP level 6. HP: 32/32 MP: 15/29
   505 | D        | Killed a crimson imp
   515 | D        | Killed a centaur
   556 | D        | Noticed a hill giant
   556 | D        | Noticed a yak
   556 | D        | Noticed a hill giant
   556 | D        | Noticed a centaur warrior
   556 | D        | Noticed a cyclops
   569 | D        | Killed a cyclops
   569 | D        | Reached XP level 7. HP: 30/36 MP: 19/30
   579 | D        | Killed a centaur warrior
   579 | D        | Reached XP level 8. HP: 22/41 MP: 10/31
   588 | D        | Killed a hill giant
   588 | D        | Reached skill level 14 in Evocations
   642 | D        | Killed a yak
   642 | D        | Reached skill level 15 in Evocations
   650 | D        | Killed a hill giant
   650 | D        | Reached skill level 16 in Evocations
   650 | D        | Reached XP level 9. HP: 34/45 MP: 20/32
   689 | D        | Noticed a trapdoor spider
   695 | D        | Killed a trapdoor spider
   800 | D        | Identified Ecrukh Breck's Compendium of the Lucky Entourage (You found it in the Dungeon)
   815 | D        | Learned a level 1 spell: Summon Butterflies
   824 | D        | Noticed a spiny frog
   824 | D        | Noticed a yak
   824 | D        | Noticed a black mamba
   824 | D        | Noticed a black mamba
   824 | D        | Noticed a porcupine
   824 | D        | Noticed a spiny frog
   829 | D        | Killed a spiny frog
   829 | D        | Killed a porcupine
   832 | D        | Killed a black mamba
   840 | D        | Noticed an elephant
   841 | D        | Killed a black mamba
   841 | D        | Received a gift from Sif Muna
   844 | D        | Killed a yak
   852 | D        | Killed a spiny frog
   860 | D        | Killed an elephant
   860 | D        | Reached skill level 15 in Ice Magic
   860 | D        | Reached XP level 10. HP: 15/50 MP: 7/34
   901 | D        | Identified Sif Muna's Handbook of Ashen Conjuration (Sif Muna gifted it to you in the Dungeon)
  1087 | D        | Noticed a torpor snail
  1087 | D        | Noticed a six-headed hydra
  1087 | D        | Noticed a seven-headed hydra
  1087 | D        | Noticed a torpor snail
  1087 | D        | Noticed a spiny frog
  1087 | D        | Noticed a blink frog
  1087 | D        | Noticed a crocodile
  1099 | D        | Killed a crocodile
  1104 | D        | HP: 2/50 [spiny frog (17)]
  1105 | D        | Succumbed to a spiny frog's poison

Action                   |  1- 3 |  4- 6 |  7- 9 | 10-12 || total
-------------------------+-------+-------+-------+-------++-------
Melee: Unarmed           |    30 |       |       |       ||    30
 Cast: Freeze            |    16 |     8 |     6 |     3 ||    33
       Condensation Shie |       |     2 |     3 |     2 ||     7
       Ozocubu's Armour  |       |     2 |     2 |     2 ||     6
       Summon Ice Beast  |       |     2 |     5 |     2 ||     9
       Throw Icicle      |       |     1 |    18 |     1 ||    20
       Throw Frost       |       |     1 |     2 |     1 ||     4
Invok: Channel Energy    |       |    10 |    40 |    21 ||    71
Evoke: Wand              |       |     2 |     1 |       ||     3
  Use: Potion            |     1 |       |     2 |       ||     3
  Eat: Chunk             |       |     1 |     6 |     4 ||    11
